Lightning vs Predators
Created - 21 novembre 2016 at 19:03
Goals
|
| Lightning |
1 |
2 |
3 |
6 |
| Predators |
1 |
1 |
2 |
4 |
|
Shots
|
| Lightning |
11 |
8 |
13 |
32 |
| Predators |
12 |
4 |
14 |
30 |
|
1st period
1. Predators , Frans Nielsen 5 (Barret Jackman, Michael Grabner) at 2:42
2. Lightning , Sheldon Keefe 1 (Darroll Powe, Brent Burns) at 11:56
Penalties :
Michael Grabner (Nas) for Cross-checking (Minor) at 12:07, Henrik Zetterberg (TB.) for Interference (Minor) at 17:48, Eric Nystrom (Nas) for Interference (Minor) at 19:55
2nd period
3. Lightning , Chris Higgins 3 (Victor Hedman, Logan Couture) at 9:35
4. Predators , Frans Nielsen 6 (Ryan Mcdonagh, Maxime Daigneault) at 13:22 (PP)
5. Lightning , Henrik Zetterberg 5 (Kris Versteeg, Brent Burns) at 14:00 (PP)
Penalties :
Chris Higgins (TB.) for Tripping (Minor) at 13:06, Michael Grabner (Nas) for Tripping (Minor) at 13:46, Wayne Simmonds (TB.) for Tripping (Minor) at 14:16
3rd period
6. Predators , James Van Riemsdyk 2 (John Moore, Christian Ehrhoff) at 4:11
7. Predators , James Van Riemsdyk 3 (David Jones, Brett Clark) at 6:31
8. Lightning , Henrik Zetterberg 6 (Robert Nilsson, John Carlson) at 8:40
9. Lightning , Sheldon Keefe 2 (Pierre-Marc Bouchard, Brent Burns) at 12:37
10. Lightning , Daniel Carcillo 4 (Sheldon Keefe, Wes O'Neill) at 19:34 (Empty Net)
Penalties :
Wayne Simmonds (TB.) for Tripping (Minor) at 0:22
Goalie Stats
Tyler Weiman (TB.), 26 saves from 30 shots - (0,867), W, 6-4-2, 60:00 minutes
Maxime Daigneault (Nas), 26 saves from 31 shots - (0,839), L, 4-4-1, 59:52 minutes
Players Stats for Lightning
Player Name G A P +/- PIM S H SB GA TA FO MP PP MP PK MP
------------------------------------------------------------------------------------
Andy Rogers 0 0 0 1 0 0 1 0 0 0 0/0 18:51 0:00 4:09
Brent Burns 0 3 3 1 0 2 1 1 1 0 0/0 29:06 2:53 2:04
Chris Higgins 1 0 1 1 2 3 1 0 1 0 0/1 15:47 1:43 1:01
Daniel Carcillo 1 0 1 2 0 3 0 0 1 0 1/1 11:52 0:00 0:00
Darroll Powe 0 1 1 1 0 2 1 1 0 2 0/3 9:32 0:00 2:00
Henrik Zetterberg 2 0 2 -2 2 3 0 0 1 0 1/2 19:45 2:29 0:00
Jeff Schultz 0 0 0 1 0 1 2 0 0 3 0/0 25:27 0:00 4:09
John Carlson 0 1 1 0 0 1 0 1 1 1 0/0 19:01 2:55 0:00
Kris Versteeg 0 1 1 2 0 5 2 0 0 0 0/0 16:22 2:29 0:00
Logan Couture 0 1 1 1 0 1 1 0 0 1 6/12 17:29 0:00 3:32
Pierre-Luc Létourneau 0 0 0 1 0 0 0 0 0 0 0/0 7:22 0:00 0:00
Pierre-Marc Bouchard 0 1 1 1 0 2 0 0 0 0 5/6 12:48 1:43 0:00
Robert Nilsson 0 1 1 -2 0 4 0 0 0 0 16/31 21:37 2:29 1:59
Sheldon Keefe 2 1 3 3 0 4 2 0 1 1 0/0 15:18 0:00 3:26
Steve Bernier 0 0 0 0 0 0 0 2 0 1 0/0 5:23 0:00 0:00
Victor Hedman 0 1 1 0 0 1 0 1 0 0 0/0 12:26 1:17 0:00
Wayne Simmonds 0 0 0 -2 4 0 3 0 0 0 0/2 20:28 1:43 0:28
Wes O'Neill 0 1 1 1 0 0 0 1 0 0 0/0 15:09 1:19 2:04
Players Stats for Predators
Player Name G A P +/- PIM S H SB GA TA FO MP PP MP PK MP
------------------------------------------------------------------------------------
Adam Burish 0 0 0 -1 0 1 2 0 1 1 0/0 17:36 2:36 0:27
Alexander Edler 0 0 0 0 0 4 0 1 2 3 0/0 26:39 3:49 2:31
Alexander Ovechkin 0 0 0 0 0 3 3 0 3 0 1/1 21:41 3:37 1:42
Alexander Steen 0 0 0 -1 0 1 1 0 0 0 0/0 17:36 2:36 0:25
Andy Miele 0 0 0 -2 0 0 1 0 0 0 0/0 7:43 0:00 0:00
Barret Jackman 0 1 1 0 0 0 1 2 0 0 0/0 11:27 0:00 0:00
Brett Clark 0 1 1 0 0 0 3 2 0 0 0/0 13:10 0:00 1:41
Christian Ehrhoff 0 1 1 -2 0 1 0 2 1 0 0/0 20:11 2:24 0:00
David Jones 0 1 1 0 0 6 2 1 1 0 0/1 12:30 0:03 1:08
Eric Nystrom 0 0 0 -1 2 1 0 1 0 0 0/0 8:43 0:00 1:23
Frans Nielsen 2 0 2 1 0 6 1 1 0 0 16/36 21:46 3:33 2:21
James Van Riemsdyk 2 0 2 0 0 5 1 0 1 0 0/0 11:19 0:00 0:00
John Moore 0 1 1 -1 0 0 0 0 0 0 0/0 19:44 2:24 1:41
Kris Vernarsky 0 0 0 -1 0 0 2 0 0 0 9/11 17:27 2:36 0:16
Michael Grabner 0 1 1 0 4 1 5 0 0 0 1/1 20:16 3:34 0:00
Mikael Granlund 0 0 0 0 0 0 0 1 0 0 2/7 12:11 0:04 0:42
Ryan Mcdonagh 0 1 1 -1 0 1 2 9 0 2 0/0 28:49 3:49 2:31
Shane Doan 0 0 0 -1 0 0 0 0 0 0 0/1 6:57 0:00 0:00
3 Stars
1 - Sheldon Keefe (TB.)
2 - Frans Nielsen (Nas)
3 - James Van Riemsdyk (Nas)
Power Play
Lightning - 1 on 3 Attempt(s) - 33,33%
Predators - 1 on 4 Attempt(s) - 25,00%
Penalty Kill
Lightning - 3 on 4 Attempt(s) - 75,00%
- Score 0 goal in Penalty Kill
Predators - 2 on 3 Attempt(s) - 66,67%
- Score 0 goal in Penalty Kill
Team Stat
Lightning - Hits : 14 - Faceoff Wins : 29 - Blocked Shots : 7 - Penalty Minutes : 8
Predators - Hits : 24 - Faceoff Wins : 29 - Blocked Shots : 20 - Penalty Minutes : 6
Official
Referees : StLaurent Francois and McCreary Bill
Linesman : Steve Barton and Brad Lazarowich
Game Notes
Steve Bernier is injured at 8:50 of 2nd period (Chest/Ribs)
Daniel Carcillo has scored in a empty net!
Finance
Level 1 -- Attendance: 5217 (86,95%) -- Ticket Income 443 445 $
Level 2 -- Attendance: 5000 (100,00%) -- Ticket Income 250 000 $
Level 3 -- Attendance: 1858 (92,90%) -- Ticket Income 55 740 $
Level 4 -- Attendance: 3073 (76,83%) -- Ticket Income 73 752 $
Luxury Box -- Attendance: 729 (72,90%) -- Ticket Income 127 575 $
Game was played at the Wildcat center.
Total Attendance: 15877 (88,21%)
Total Ticket Income: 950 512 $
Other Income: 142 577 $
Total Income: 1 093 089 $
Lightning
5 vs 5 Forward
Center Left Wing Right Wing Time % Phy DF OF
1 Robert Nilsson Henrik Zetterberg Wayne Simmonds 40 1 2 2
2 Logan Couture Chris Higgins Kris Versteeg 30 1 2 2
3 Pierre-Marc Bouchard Daniel Carcillo Steve Bernier 20 1 2 2
4 Darroll Powe Pierre-Luc Létourneau Sheldon Keefe 10 1 2 2
5 vs 5 Defense
Defense Defense Time % Phy DF OF
1 Brent Burns Jeff Schultz 40 1 2 2
2 John Carlson Andy Rogers 30 1 2 2
3 Wes O'Neill Victor Hedman 20 1 2 2
4 Brent Burns John Carlson 10 1 2 2
PowerPlay Forward
Center Left Wing Right Wing Time % Phy DF OF
1 Robert Nilsson Henrik Zetterberg Kris Versteeg 60 1 2 2
2 Pierre-Marc Bouchard Chris Higgins Wayne Simmonds 40 1 2 2
PowerPlay Defense
Defense Defense Time % Phy DF OF
1 Brent Burns John Carlson 60 1 2 2
2 Victor Hedman Brent Burns 40 1 2 2
Penalty Kill 4 Players Forward
Center Wing Time % Phy DF OF
1 Logan Couture Sheldon Keefe 60 1 2 2
2 Darroll Powe Wayne Simmonds 40 1 2 2
Penalty Kill 4 Players Defense
Defense Defense Time % Phy DF OF
1 Andy Rogers Jeff Schultz 60 1 2 2
2 Brent Burns Wes O'Neill 40 1 2 2
Penalty Kill - 3 Players Forward
Forward Time % Phy DF OF
1 Wayne Simmonds 60 1 2 2
2 Logan Couture 40 1 2 2
Penalty Kill - 3 Players Defense
Defense Defense Time % Phy DF OF
1 Brent Burns Jeff Schultz 60 1 2 2
2 John Carlson Andy Rogers 40 1 2 2
4 vs 4 Forward
Center Wing Time % Phy DF OF
1 Robert Nilsson Kris Versteeg 60 1 2 2
2 Pierre-Marc Bouchard Henrik Zetterberg 40 1 2 2
4 vs 4 Defense
Defense Defense Time % Phy DF OF
1 Brent Burns Jeff Schultz 60 1 2 2
2 John Carlson Andy Rogers 40 1 2 2
Last Minutes Offensive
Center Left Wing Right Wing Defense Defense
Robert Nilsson Henrik Zetterberg Kris Versteeg Brent Burns John Carlson
Last Minutes Defensive
Center Left Wing Right Wing Defense Defense
Robert Nilsson Henrik Zetterberg Wayne Simmonds Andy Rogers Jeff Schultz
Goaltenders
Starting : Tyler Weiman
Backup : Erik Ersberg
Extra Forwards
Normal : Logan Couture, Daniel Carcillo, Sheldon Keefe - PP : Logan Couture, Steve Bernier - PK : Robert Nilsson
Extra Defensemen
Normal : Wes O'Neill, Victor Hedman, John Carlson - PP : Wes O'Neill - PK : Victor Hedman, John Carlson
Penalty Shots
Henrik Zetterberg, Robert Nilsson, Logan Couture, Chris Higgins, Daniel Carcillo
Predators
5 vs 5 Forward
Center Left Wing Right Wing Time % Phy DF OF
1 Frans Nielsen Alexander Ovechkin Michael Grabner 39 1 2 2
2 Kris Vernarsky Alexander Steen Adam Burish 29 1 2 2
3 Mikael Granlund James Van Riemsdyk David Jones 20 1 2 2
4 Andy Miele Eric Nystrom Shane Doan 12 1 2 2
5 vs 5 Defense
Defense Defense Time % Phy DF OF
1 Alexander Edler Ryan Mcdonagh 40 2 1 2
2 Christian Ehrhoff John Moore 30 1 2 2
3 Barret Jackman Brett Clark 20 1 2 2
4 Christian Ehrhoff Ryan Mcdonagh 10 1 2 2
PowerPlay Forward
Center Left Wing Right Wing Time % Phy DF OF
1 Frans Nielsen Alexander Ovechkin Michael Grabner 60 2 0 3
2 Kris Vernarsky Alexander Steen Adam Burish 40 1 1 3
PowerPlay Defense
Defense Defense Time % Phy DF OF
1 Alexander Edler Ryan Mcdonagh 60 1 1 3
2 Christian Ehrhoff John Moore 40 1 1 3
Penalty Kill 4 Players Forward
Center Wing Time % Phy DF OF
1 Frans Nielsen Eric Nystrom 60 1 2 2
2 Alexander Ovechkin Adam Burish 40 1 2 2
Penalty Kill 4 Players Defense
Defense Defense Time % Phy DF OF
1 Alexander Edler Ryan Mcdonagh 60 2 2 1
2 John Moore Brett Clark 40 1 3 1
Penalty Kill - 3 Players Forward
Forward Time % Phy DF OF
1 Eric Nystrom 60 1 3 1
2 Frans Nielsen 40 1 3 1
Penalty Kill - 3 Players Defense
Defense Defense Time % Phy DF OF
1 Alexander Edler Ryan Mcdonagh 60 2 3 0
2 John Moore Brett Clark 40 1 3 1
4 vs 4 Forward
Center Wing Time % Phy DF OF
1 Frans Nielsen Alexander Ovechkin 60 1 2 2
2 Kris Vernarsky Alexander Steen 40 1 2 2
4 vs 4 Defense
Defense Defense Time % Phy DF OF
1 Alexander Edler Ryan Mcdonagh 60 1 2 2
2 Christian Ehrhoff John Moore 40 1 2 2
Last Minutes Offensive
Center Left Wing Right Wing Defense Defense
Andy Miele Alexander Ovechkin Michael Grabner Alexander Edler Ryan Mcdonagh
Last Minutes Defensive
Center Left Wing Right Wing Defense Defense
Kris Vernarsky Eric Nystrom Frans Nielsen Ryan Mcdonagh Brett Clark
Goaltenders
Starting : Maxime Daigneault
Backup : Steve Mason
Extra Forwards
Normal : Adam Burish, Kris Vernarsky, David Jones - PP : Adam Burish, Kris Vernarsky - PK : David Jones
Extra Defensemen
Normal : Barret Jackman, John Moore, Brett Clark - PP : Barret Jackman - PK : John Moore, Brett Clark
Penalty Shots
Alexander Ovechkin, Michael Grabner, James Van Riemsdyk, Shane Doan, David Jones
% Time on Ice - Lightning
Lines # - Real PCT - Wanted PCT - Time Play
Normal Forward
1 - 36% - 40% - 17:21
2 - 27% - 30% - 13:00
3 - 23% - 20% - 11:05
4 - 15% - 10% - 7:22
Normal Defense
1 - 44% - 40% - 21:18
2 - 29% - 30% - 13:58
3 - 22% - 20% - 10:44
4 - 6% - 10% - 2:48
PP Forward
1 - 59% - 60% - 2:29
2 - 41% - 40% - 1:43
PP Defense
1 - 69% - 60% - 2:55
2 - 31% - 40% - 1:17
PK Forward
1 - 72% - 60% - 4:27
2 - 28% - 40% - 1:46
PK Defense
1 - 67% - 60% - 4:09
2 - 33% - 40% - 2:04
PK3 Forward
1 - 0% - 60%
2 - 0% - 40%
PK3 Defense
1 - 0% - 60%
2 - 0% - 40%
44 Forward
1 - 0% - 60%
2 - 0% - 40%
44 Defense
1 - 0% - 60%
2 - 0% - 40%
Last Minute Offensive - 0:00
Last Minute Defensive - 0:47
Total
Forward - 60:00
Defense - 60:00
|
% Time on Ice - Predators
Lines # - Real PCT - Wanted PCT - Time Play
Normal Forward
1 - 33% - 39% - 16:00
2 - 30% - 29% - 14:33
3 - 23% - 20% - 11:19
4 - 14% - 12% - 6:57
Normal Defense
1 - 42% - 40% - 20:19
2 - 32% - 30% - 15:39
3 - 22% - 20% - 10:41
4 - 4% - 10% - 2:10
PP Forward
1 - 58% - 60% - 3:37
2 - 42% - 40% - 2:36
PP Defense
1 - 61% - 60% - 3:49
2 - 39% - 40% - 2:24
PK Forward
1 - 89% - 60% - 3:45
2 - 11% - 40% - 0:27
PK Defense
1 - 60% - 60% - 2:31
2 - 40% - 40% - 1:41
PK3 Forward
1 - 0% - 60%
2 - 0% - 40%
PK3 Defense
1 - 0% - 60%
2 - 0% - 40%
44 Forward
1 - 0% - 60%
2 - 0% - 40%
44 Defense
1 - 0% - 60%
2 - 0% - 40%
Last Minute Offensive - 0:46
Last Minute Defensive - 0:00
Total
Forward - 60:00
Defense - 60:00
|
Play by Play
1st period
0:01 of 1st period - Robert Nilsson wins face-off versus Frans Nielsen in neutral zone.
0:10 of 1st period - Snap shot by Robert Nilsson.
0:10 of 1st period - Stopped by Maxime Daigneault with a rebound.
0:14 of 1st period - Wrist shot by Henrik Zetterberg.
0:14 of 1st period - Shot Hit the Post.
0:16 of 1st period - Slapshot by Jeff Schultz.
0:16 of 1st period - Stopped by Maxime Daigneault with a rebound.
2:10 of 1st period - Snap shot by Alexander Ovechkin.
2:10 of 1st period - Deflect By Frans Nielsen.
2:10 of 1st period - Stopped by Tyler Weiman with a rebound.
2:34 of 1st period - Wrist shot by Alexander Ovechkin.
2:34 of 1st period - Stopped by Tyler Weiman with a rebound.
2:38 of 1st period - Snap shot by Michael Grabner.
2:38 of 1st period - Stopped by Tyler Weiman with a rebound.
2:40 of 1st period - Slapshot by Barret Jackman.
2:40 of 1st period - Shot Misses the Net.
2:42 of 1st period - Wrist shot by Frans Nielsen.
2:42 of 1st period - Goal by Frans Nielsen - Lightning : 0 - Predators : 1.
2:43 of 1st period - Kris Vernarsky wins face-off versus Logan Couture in neutral zone.
3:31 of 1st period - Wrist shot by Kris Versteeg.
3:31 of 1st period - Stopped by Maxime Daigneault without a rebound.
3:32 of 1st period - Pierre-Marc Bouchard wins face-off versus Kris Vernarsky in Predators zone.
3:58 of 1st period - Eric Nystrom is hit by Sheldon Keefe and loses puck.
4:33 of 1st period - Wayne Simmonds is hit by Michael Grabner.
5:46 of 1st period - Wayne Simmonds is hit by Brett Clark and loses puck.
6:13 of 1st period - Snap shot by Pierre-Marc Bouchard.
6:13 of 1st period - Shot Blocked by Christian Ehrhoff.
6:52 of 1st period - Wrist shot by Alexander Steen.
6:52 of 1st period - Stopped by Tyler Weiman with a rebound.
6:54 of 1st period - Slapshot by Christian Ehrhoff.
6:54 of 1st period - Shot Blocked by Darroll Powe.
6:56 of 1st period - Slapshot by Ryan Mcdonagh.
6:56 of 1st period - Shot Blocked by Victor Hedman.
6:58 of 1st period - Snap shot by Eric Nystrom.
6:58 of 1st period - Stopped by Tyler Weiman without a rebound.
6:59 of 1st period - Frans Nielsen wins face-off versus Robert Nilsson in Lightning zone.
7:00 of 1st period - Snap shot by Alexander Ovechkin.
7:00 of 1st period - Stopped by Tyler Weiman without a rebound.
7:01 of 1st period - Robert Nilsson wins face-off versus Frans Nielsen in Lightning zone.
7:30 of 1st period - Snap shot by Kris Versteeg.
7:30 of 1st period - Stopped by Maxime Daigneault with a rebound.
7:32 of 1st period - Snap shot by Logan Couture.
7:32 of 1st period - Stopped by Maxime Daigneault without a rebound.
7:33 of 1st period - Kris Vernarsky wins face-off versus Logan Couture in Predators zone.
7:38 of 1st period - Wrist shot by Adam Burish.
7:38 of 1st period - Shot Misses the Net.
7:58 of 1st period - Victor Hedman is hit by Alexander Ovechkin and loses puck.
8:31 of 1st period - Slapshot by Alexander Edler.
8:31 of 1st period - Stopped by Tyler Weiman with a rebound.
8:49 of 1st period - Slapshot by Alexander Steen.
8:49 of 1st period - Shot Misses the Net.
8:57 of 1st period - Ryan Mcdonagh is hit by Kris Versteeg and loses puck.
9:20 of 1st period - Slapshot by Alexander Edler.
9:20 of 1st period - Stopped by Tyler Weiman without a rebound.
9:21 of 1st period - Henrik Zetterberg wins face-off versus Frans Nielsen in Lightning zone.
9:48 of 1st period - Kris Versteeg is hit by Kris Vernarsky and loses puck.
9:57 of 1st period - Wrist shot by Alexander Steen.
9:57 of 1st period - Shot Misses the Net.
10:33 of 1st period - Slapshot by Pierre-Marc Bouchard.
10:33 of 1st period - Shot Misses the Net.
11:34 of 1st period - Slapshot by James Van Riemsdyk.
11:34 of 1st period - Stopped by Tyler Weiman without a rebound.
11:35 of 1st period - Mikael Granlund wins face-off versus Darroll Powe in Lightning zone.
11:50 of 1st period - Wrist shot by Darroll Powe.
11:50 of 1st period - Stopped by Maxime Daigneault with a rebound.
11:52 of 1st period - Slapshot by Darroll Powe.
11:52 of 1st period - Shot Blocked by Brett Clark.
11:54 of 1st period - Wrist shot by Sheldon Keefe.
11:54 of 1st period - Shot Misses the Net.
11:56 of 1st period - Snap shot by Sheldon Keefe.
11:56 of 1st period - Goal by Sheldon Keefe - Lightning : 1 - Predators : 1.
11:57 of 1st period - Robert Nilsson wins face-off versus Frans Nielsen in neutral zone.
12:04 of 1st period - Slapshot by Robert Nilsson.
12:04 of 1st period - Stopped by Maxime Daigneault without a rebound.
12:05 of 1st period - Frans Nielsen wins face-off versus Robert Nilsson in Predators zone.
12:07 of 1st period - Minor Penalty to Michael Grabner for Cross-checking.
12:08 of 1st period - Frans Nielsen wins face-off versus Robert Nilsson in Predators zone.
12:20 of 1st period - Snap shot by Kris Versteeg.
12:20 of 1st period - Stopped by Maxime Daigneault without a rebound.
12:21 of 1st period - Frans Nielsen wins face-off versus Henrik Zetterberg in Predators zone.
12:21 of 1st period - Frans Nielsen is hit by Kris Versteeg.
14:07 of 1st period - Penalty to Michael Grabner is over, Michael Grabner is back on ice.
14:11 of 1st period - Ryan Mcdonagh is hit by Darroll Powe and loses puck.
14:36 of 1st period - Slapshot by Frans Nielsen.
14:36 of 1st period - Stopped by Tyler Weiman with a rebound.
15:02 of 1st period - Kris Vernarsky is hit by Chris Higgins and loses puck.
15:59 of 1st period - Pierre-Marc Bouchard is hit by Adam Burish and loses puck.
16:18 of 1st period - Wayne Simmonds is hit by Brett Clark and loses puck.
16:37 of 1st period - Chris Higgins is hit by Barret Jackman and loses puck.
17:28 of 1st period - Wrist shot by Chris Higgins.
17:28 of 1st period - Shot Misses the Net.
17:30 of 1st period - Slapshot by Victor Hedman.
17:30 of 1st period - Stopped by Maxime Daigneault with a rebound.
17:32 of 1st period - Wrist shot by Pierre-Luc Létourneau.
17:32 of 1st period - Deflect By Sheldon Keefe.
17:32 of 1st period - Stopped by Maxime Daigneault with a rebound.
17:34 of 1st period - Slapshot by Victor Hedman.
17:34 of 1st period - Shot Misses the Net.
17:48 of 1st period - Minor Penalty to Henrik Zetterberg for Interference.
17:49 of 1st period - Logan Couture wins face-off versus Frans Nielsen in Lightning zone.
18:00 of 1st period - Snap shot by Alexander Ovechkin.
18:00 of 1st period - Deflect By Frans Nielsen.
18:00 of 1st period - Stopped by Tyler Weiman without a rebound.
18:01 of 1st period - Logan Couture wins face-off versus Frans Nielsen in Lightning zone.
19:48 of 1st period - Penalty to Henrik Zetterberg is over, Henrik Zetterberg is back on ice.
19:55 of 1st period - Minor Penalty to Eric Nystrom for Interference.
19:56 of 1st period - Frans Nielsen wins face-off versus Robert Nilsson in Predators zone.
Goals for this period are 1 for Lightning vs 1 for Predators.
Shots for this period are 11 for Lightning vs 12 for Predators.
2nd period
0:01 of 2nd period - Robert Nilsson wins face-off versus Frans Nielsen in neutral zone.
1:46 of 2nd period - Pierre-Marc Bouchard is hit by Brett Clark and loses puck.
1:55 of 2nd period - Penalty to Eric Nystrom is over, Eric Nystrom is back on ice.
1:56 of 2nd period - Icing by Alexander Steen.
1:57 of 2nd period - Kris Vernarsky wins face-off versus Robert Nilsson in Predators zone.
2:02 of 2nd period - Snap shot by Alexander Steen.
2:02 of 2nd period - Shot Misses the Net.
2:12 of 2nd period - Eric Nystrom is hit by Sheldon Keefe and loses puck.
2:30 of 2nd period - Eric Nystrom is hit by Andy Rogers.
2:36 of 2nd period - Daniel Carcillo is hit by Andy Miele and loses puck.
4:07 of 2nd period - Alexander Edler is hit by Wayne Simmonds and loses puck.
4:26 of 2nd period - Off-side.
4:27 of 2nd period - Kris Vernarsky wins face-off versus Pierre-Marc Bouchard in neutral zone.
4:30 of 2nd period - Andy Rogers is hit by Adam Burish and loses puck.
4:39 of 2nd period - Wrist shot by Adam Burish.
4:39 of 2nd period - Shot Blocked by Steve Bernier.
5:01 of 2nd period - Slapshot by Robert Nilsson.
5:01 of 2nd period - Stopped by Maxime Daigneault with a rebound.
5:17 of 2nd period - Slapshot by Brent Burns.
5:17 of 2nd period - Stopped by Maxime Daigneault with a rebound.
5:19 of 2nd period - Snap shot by Darroll Powe.
5:19 of 2nd period - Stopped by Maxime Daigneault without a rebound.
5:20 of 2nd period - Frans Nielsen wins face-off versus Robert Nilsson in Predators zone.
6:08 of 2nd period - Wrist shot by Kris Versteeg.
6:08 of 2nd period - Stopped by Maxime Daigneault without a rebound.
6:09 of 2nd period - Logan Couture wins face-off versus Shane Doan in Predators zone.
6:10 of 2nd period - Slapshot by Kris Versteeg.
6:10 of 2nd period - Shot Misses the Net.
6:26 of 2nd period - Slapshot by John Carlson.
6:26 of 2nd period - Shot Blocked by Eric Nystrom.
6:42 of 2nd period - Snap shot by Kris Versteeg.
6:42 of 2nd period - Stopped by Maxime Daigneault without a rebound.
6:43 of 2nd period - Frans Nielsen wins face-off versus Robert Nilsson in Predators zone.
6:48 of 2nd period - Wrist shot by Michael Grabner.
6:48 of 2nd period - Deflect By Alexander Ovechkin.
6:48 of 2nd period - Shot Misses the Net.
6:48 of 2nd period - Puck is out of play.
6:49 of 2nd period - Robert Nilsson wins face-off versus Frans Nielsen in Lightning zone.
6:49 of 2nd period - Robert Nilsson is hit by Frans Nielsen.
7:20 of 2nd period - Slapshot by Kris Versteeg.
7:20 of 2nd period - Shot Misses the Net.
8:36 of 2nd period - Wrist shot by Alexander Steen.
8:36 of 2nd period - Shot Misses the Net.
8:48 of 2nd period - Snap shot by Alexander Ovechkin.
8:48 of 2nd period - Shot Misses the Net.
8:50 of 2nd period - Slapshot by Barret Jackman.
8:50 of 2nd period - Shot Blocked by Steve Bernier.
8:50 of 2nd period - Steve Bernier from Lightning is injured at 8:50 of 2nd period (Chest/Ribs).
8:51 of 2nd period - Robert Nilsson wins face-off versus Frans Nielsen in Lightning zone.
9:06 of 2nd period - Wrist shot by Robert Nilsson.
9:06 of 2nd period - Shot Blocked by Ryan Mcdonagh.
9:18 of 2nd period - Logan Couture is hit by Alexander Steen and loses puck.
9:23 of 2nd period - Snap shot by Adam Burish.
9:23 of 2nd period - Deflect By Alexander Steen.
9:23 of 2nd period - Shot Misses the Net.
9:23 of 2nd period - Puck is out of play.
9:24 of 2nd period - Kris Vernarsky wins face-off versus Logan Couture in Lightning zone.
9:33 of 2nd period - Snap shot by Victor Hedman.
9:33 of 2nd period - Shot Blocked by Christian Ehrhoff.
9:35 of 2nd period - Wrist shot by Chris Higgins.
9:35 of 2nd period - Goal by Chris Higgins - Lightning : 2 - Predators : 1.
9:36 of 2nd period - Frans Nielsen wins face-off versus Wayne Simmonds in neutral zone.
9:47 of 2nd period - Michael Grabner is hit by Jeff Schultz and loses puck.
10:10 of 2nd period - Snap shot by Kris Versteeg.
10:10 of 2nd period - Deflect By Logan Couture.
10:10 of 2nd period - Shot Blocked by Ryan Mcdonagh.
10:10 of 2nd period - Puck is out of play.
10:11 of 2nd period - Kris Vernarsky wins face-off versus Logan Couture in Predators zone.
10:23 of 2nd period - Icing by Adam Burish.
10:24 of 2nd period - Robert Nilsson wins face-off versus Kris Vernarsky in Predators zone.
10:27 of 2nd period - Wrist shot by Henrik Zetterberg.
10:27 of 2nd period - Stopped by Maxime Daigneault without a rebound.
10:28 of 2nd period - Frans Nielsen wins face-off versus Robert Nilsson in Predators zone.
10:52 of 2nd period - Icing by Alexander Edler.
10:53 of 2nd period - Kris Vernarsky wins face-off versus Logan Couture in Predators zone.
11:04 of 2nd period - Slapshot by Adam Burish.
11:04 of 2nd period - Stopped by Tyler Weiman without a rebound.
11:05 of 2nd period - Frans Nielsen wins face-off versus Robert Nilsson in Lightning zone.
11:06 of 2nd period - Wrist shot by Alexander Ovechkin.
11:06 of 2nd period - Shot Misses the Net.
11:18 of 2nd period - Wrist shot by Henrik Zetterberg.
11:18 of 2nd period - Shot Blocked by Ryan Mcdonagh.
11:20 of 2nd period - Snap shot by Henrik Zetterberg.
11:20 of 2nd period - Shot Blocked by Alexander Edler.
11:22 of 2nd period - Slapshot by Brent Burns.
11:22 of 2nd period - Shot Blocked by Frans Nielsen.
11:57 of 2nd period - Wrist shot by James Van Riemsdyk.
11:57 of 2nd period - Stopped by Tyler Weiman without a rebound.
11:58 of 2nd period - Pierre-Marc Bouchard wins face-off versus Frans Nielsen in Lightning zone.
12:58 of 2nd period - Snap shot by James Van Riemsdyk.
12:58 of 2nd period - Shot Blocked by John Carlson.
13:00 of 2nd period - Snap shot by David Jones.
13:00 of 2nd period - Stopped by Tyler Weiman with a rebound.
13:06 of 2nd period - Minor Penalty to Chris Higgins for Tripping.
13:07 of 2nd period - Logan Couture wins face-off versus Frans Nielsen in Lightning zone.
13:20 of 2nd period - Slapshot by Ryan Mcdonagh.
13:20 of 2nd period - Shot Hit the Post.
13:22 of 2nd period - Snap shot by Frans Nielsen.
13:22 of 2nd period - Goal by Frans Nielsen - Lightning : 2 - Predators : 2.
13:23 of 2nd period - Robert Nilsson wins face-off versus Frans Nielsen in neutral zone.
13:25 of 2nd period - Jeff Schultz is hit by Michael Grabner and loses puck.
13:46 of 2nd period - Minor Penalty to Michael Grabner for Tripping.
13:47 of 2nd period - Frans Nielsen wins face-off versus Robert Nilsson in Predators zone.
13:56 of 2nd period - Slapshot by Brent Burns.
13:56 of 2nd period - Shot Blocked by Ryan Mcdonagh.
13:58 of 2nd period - Slapshot by Kris Versteeg.
13:58 of 2nd period - Shot Blocked by Ryan Mcdonagh.
14:00 of 2nd period - Snap shot by Henrik Zetterberg.
14:00 of 2nd period - Goal by Henrik Zetterberg - Lightning : 3 - Predators : 2.
14:01 of 2nd period - Alexander Ovechkin wins face-off versus Robert Nilsson in neutral zone.
14:14 of 2nd period - Snap shot by Frans Nielsen.
14:14 of 2nd period - Shot Misses the Net.
14:16 of 2nd period - Minor Penalty to Wayne Simmonds for Tripping.
14:17 of 2nd period - Frans Nielsen wins face-off versus Logan Couture in Lightning zone.
14:52 of 2nd period - Slapshot by Brent Burns.
14:52 of 2nd period - Shot Misses the Net.
14:54 of 2nd period - Snap shot by Brent Burns.
14:54 of 2nd period - Shot Misses the Net.
16:16 of 2nd period - Penalty to Wayne Simmonds is over, Wayne Simmonds is back on ice.
16:33 of 2nd period - Wes O'Neill is hit by David Jones and loses puck.
18:25 of 2nd period - Andy Rogers is hit by Ryan Mcdonagh and loses puck.
18:36 of 2nd period - Kris Vernarsky is hit by Wayne Simmonds and loses puck.
19:05 of 2nd period - Snap shot by Alexander Steen.
19:05 of 2nd period - Shot Misses the Net.
19:07 of 2nd period - Slapshot by Alexander Edler.
19:07 of 2nd period - Shot Misses the Net.
19:53 of 2nd period - Slapshot by Adam Burish.
19:53 of 2nd period - Shot Misses the Net.
Goals for this period are 2 for Lightning vs 1 for Predators.
Shots for this period are 8 for Lightning vs 4 for Predators.
3rd period
0:01 of 3rd period - Robert Nilsson wins face-off versus Frans Nielsen in neutral zone.
0:04 of 3rd period - Slapshot by Brent Burns.
0:04 of 3rd period - Shot Misses the Net.
0:22 of 3rd period - Minor Penalty to Wayne Simmonds for Tripping.
0:23 of 3rd period - Logan Couture wins face-off versus Frans Nielsen in Lightning zone.
0:23 of 3rd period - Logan Couture is hit by Alexander Ovechkin.
1:15 of 3rd period - John Moore is hit by Logan Couture and loses puck.
1:22 of 3rd period - Brent Burns is hit by Michael Grabner and loses puck.
1:36 of 3rd period - Icing by Alexander Edler.
1:37 of 3rd period - Kris Vernarsky wins face-off versus Darroll Powe in Predators zone.
1:42 of 3rd period - Jeff Schultz is hit by Kris Vernarsky and loses puck.
2:22 of 3rd period - Penalty to Wayne Simmonds is over, Wayne Simmonds is back on ice.
3:24 of 3rd period - Snap shot by Frans Nielsen.
3:24 of 3rd period - Stopped by Tyler Weiman without a rebound.
3:25 of 3rd period - Frans Nielsen wins face-off versus Chris Higgins in Lightning zone.
4:11 of 3rd period - Wrist shot by James Van Riemsdyk.
4:11 of 3rd period - Goal by James Van Riemsdyk - Lightning : 3 - Predators : 3.
4:12 of 3rd period - Robert Nilsson wins face-off versus Frans Nielsen in neutral zone.
4:17 of 3rd period - Slapshot by Henrik Zetterberg.
4:17 of 3rd period - Shot Blocked by Ryan Mcdonagh.
4:23 of 3rd period - Brent Burns is hit by Michael Grabner and loses puck.
4:49 of 3rd period - Wrist shot by Logan Couture.
4:49 of 3rd period - Shot Misses the Net.
4:51 of 3rd period - Snap shot by Chris Higgins.
4:51 of 3rd period - Stopped by Maxime Daigneault with a rebound.
5:00 of 3rd period - Off-side.
5:01 of 3rd period - Pierre-Marc Bouchard wins face-off versus Mikael Granlund in neutral zone.
5:04 of 3rd period - Slapshot by Pierre-Marc Bouchard.
5:04 of 3rd period - Shot Misses the Net.
5:14 of 3rd period - Snap shot by David Jones.
5:14 of 3rd period - Stopped by Tyler Weiman without a rebound.
5:15 of 3rd period - Robert Nilsson wins face-off versus Frans Nielsen in Lightning zone.
5:41 of 3rd period - Ryan Mcdonagh is hit by Jeff Schultz and loses puck.
6:02 of 3rd period - Sheldon Keefe is hit by James Van Riemsdyk and loses puck.
6:17 of 3rd period - Snap shot by Henrik Zetterberg.
6:17 of 3rd period - Shot Blocked by Mikael Granlund.
6:20 of 3rd period - Icing by Brett Clark.
6:21 of 3rd period - Mikael Granlund wins face-off versus Robert Nilsson in Predators zone.
6:21 of 3rd period - Mikael Granlund is hit by Wayne Simmonds.
6:29 of 3rd period - Snap shot by David Jones.
6:29 of 3rd period - Stopped by Tyler Weiman with a rebound.
6:31 of 3rd period - Snap shot by James Van Riemsdyk.
6:31 of 3rd period - Goal by James Van Riemsdyk - Lightning : 3 - Predators : 4.
6:32 of 3rd period - Frans Nielsen wins face-off versus Wayne Simmonds in neutral zone.
7:25 of 3rd period - Slapshot by Alexander Edler.
7:25 of 3rd period - Stopped by Tyler Weiman with a rebound.
7:27 of 3rd period - Snap shot by David Jones.
7:27 of 3rd period - Shot Misses the Net.
7:29 of 3rd period - Slapshot by Ryan Mcdonagh.
7:29 of 3rd period - Stopped by Tyler Weiman without a rebound.
7:30 of 3rd period - Frans Nielsen wins face-off versus Robert Nilsson in Lightning zone.
8:40 of 3rd period - Wrist shot by Henrik Zetterberg.
8:40 of 3rd period - Goal by Henrik Zetterberg - Lightning : 4 - Predators : 4.
8:41 of 3rd period - Robert Nilsson wins face-off versus Frans Nielsen in neutral zone.
9:07 of 3rd period - Snap shot by James Van Riemsdyk.
9:07 of 3rd period - Stopped by Tyler Weiman without a rebound.
9:08 of 3rd period - Logan Couture wins face-off versus Mikael Granlund in Lightning zone.
9:08 of 3rd period - Logan Couture is hit by David Jones.
9:24 of 3rd period - Snap shot by David Jones.
9:24 of 3rd period - Stopped by Tyler Weiman without a rebound.
9:25 of 3rd period - Frans Nielsen wins face-off versus Robert Nilsson in Lightning zone.
9:29 of 3rd period - Icing by Wayne Simmonds.
9:30 of 3rd period - Michael Grabner wins face-off versus Robert Nilsson in Lightning zone.
10:04 of 3rd period - Wrist shot by Chris Higgins.
10:04 of 3rd period - Shot Blocked by Ryan Mcdonagh.
10:06 of 3rd period - Snap shot by Chris Higgins.
10:06 of 3rd period - Shot Blocked by Ryan Mcdonagh.
10:15 of 3rd period - Icing by Jeff Schultz.
10:16 of 3rd period - Daniel Carcillo wins face-off versus David Jones in Lightning zone.
10:29 of 3rd period - Wrist shot by David Jones.
10:29 of 3rd period - Stopped by Tyler Weiman with a rebound.
10:31 of 3rd period - Snap shot by David Jones.
10:31 of 3rd period - Stopped by Tyler Weiman with a rebound.
10:47 of 3rd period - Snap shot by Robert Nilsson.
10:47 of 3rd period - Stopped by Maxime Daigneault without a rebound.
10:48 of 3rd period - Robert Nilsson wins face-off versus Frans Nielsen in Predators zone.
11:25 of 3rd period - Snap shot by Chris Higgins.
11:25 of 3rd period - Stopped by Maxime Daigneault without a rebound.
11:26 of 3rd period - Robert Nilsson wins face-off versus Frans Nielsen in Predators zone.
11:33 of 3rd period - Wes O'Neill is hit by Michael Grabner and loses puck.
11:42 of 3rd period - Snap shot by Alexander Ovechkin.
11:42 of 3rd period - Stopped by Tyler Weiman with a rebound.
12:17 of 3rd period - Snap shot by Daniel Carcillo.
12:17 of 3rd period - Stopped by Maxime Daigneault without a rebound.
12:18 of 3rd period - Pierre-Marc Bouchard wins face-off versus Mikael Granlund in Predators zone.
12:29 of 3rd period - Snap shot by Pierre-Marc Bouchard.
12:29 of 3rd period - Stopped by Maxime Daigneault with a rebound.
12:31 of 3rd period - Snap shot by Pierre-Marc Bouchard.
12:31 of 3rd period - Deflect By Sheldon Keefe.
12:31 of 3rd period - Stopped by Maxime Daigneault with a rebound.
12:33 of 3rd period - Snap shot by Brent Burns.
12:33 of 3rd period - Stopped by Maxime Daigneault with a rebound.
12:35 of 3rd period - Snap shot by Pierre-Marc Bouchard.
12:35 of 3rd period - Stopped by Maxime Daigneault with a rebound.
12:37 of 3rd period - Slapshot by Sheldon Keefe.
12:37 of 3rd period - Goal by Sheldon Keefe - Lightning : 5 - Predators : 4.
12:38 of 3rd period - Robert Nilsson wins face-off versus Frans Nielsen in neutral zone.
13:16 of 3rd period - Snap shot by Chris Higgins.
13:16 of 3rd period - Shot Blocked by Ryan Mcdonagh.
13:40 of 3rd period - Slapshot by Alexander Edler.
13:40 of 3rd period - Shot Blocked by Wes O'Neill.
14:08 of 3rd period - Robert Nilsson is hit by Alexander Ovechkin and loses puck.
14:45 of 3rd period - Snap shot by Christian Ehrhoff.
14:45 of 3rd period - Stopped by Tyler Weiman without a rebound.
14:46 of 3rd period - Pierre-Marc Bouchard wins face-off versus Mikael Granlund in Lightning zone.
14:51 of 3rd period - Wrist shot by Daniel Carcillo.
14:51 of 3rd period - Shot Blocked by Barret Jackman.
15:55 of 3rd period - Slapshot by John Carlson.
15:55 of 3rd period - Stopped by Maxime Daigneault without a rebound.
15:56 of 3rd period - Kris Vernarsky wins face-off versus Darroll Powe in Predators zone.
17:04 of 3rd period - Snap shot by Alexander Steen.
17:04 of 3rd period - Shot Misses the Net.
17:10 of 3rd period - Alexander Steen is hit by Brent Burns and loses puck.
17:53 of 3rd period - Wrist shot by Frans Nielsen.
17:53 of 3rd period - Shot Blocked by Brent Burns.
18:07 of 3rd period - Wayne Simmonds is hit by Ryan Mcdonagh and loses puck.
19:04 of 3rd period - Wrist shot by Kris Versteeg.
19:04 of 3rd period - Shot Blocked by Barret Jackman.
19:16 of 3rd period - Slapshot by Daniel Carcillo.
19:16 of 3rd period - Stopped by Maxime Daigneault with a rebound.
19:26 of 3rd period - Predators, Maxime Daigneault is pulled from the net.
19:32 of 3rd period - Snap shot by Daniel Carcillo.
19:32 of 3rd period - Shot Blocked by Brett Clark.
19:34 of 3rd period - Snap shot by Daniel Carcillo.
19:34 of 3rd period - Goal by Daniel Carcillo - Lightning : 6 - Predators : 4.
19:34 of 3rd period - Maxime Daigneault from Predators was sent back in the game.
19:35 of 3rd period - Robert Nilsson wins face-off versus Mikael Granlund in neutral zone.
19:42 of 3rd period - Snap shot by Henrik Zetterberg.
19:42 of 3rd period - Shot Blocked by David Jones.
19:50 of 3rd period - Slapshot by Alexander Edler.
19:50 of 3rd period - Stopped by Tyler Weiman with a rebound.
Goals for this period are 3 for Lightning vs 2 for Predators.
Shots for this period are 13 for Lightning vs 14 for Predators.
Back to the Top